 Dungeon Crawl Stone Soup version 0.23.1 (webtiles) character file.

Game seed: 0

24 Sandy the Scratcher (level 2, -2/14 HPs)
             Began as a Felid Chaos Knight on Mar 7, 2019.
             Was a Plaything of Xom.
             Engulfed by a cloud of poison gas (5 damage)
             ... on level 3 of the Dungeon on Mar 18, 2019.
             The game lasted 00:03:09 (707 turns).

Sandy the Scratcher (Felid Chaos Knight)             Turns: 707, Time: 00:03:10

Health: -2/14      AC:  1    Str:  8    XL:     2   Next: 79%
Magic:  3/3        EV: 18    Int: 13    God:    Xom [..*...]
Gold:   83         SH:  0    Dex: 15    Spells: 1/1 levels left
                                        Lives:  0   Deaths: 0

rFire    . . .     SeeInvis +     - Unarmed
rCold    . . .     Gourm    .   (shield unavailable)
rNeg     . . .     Faith    .   (armour unavailable)
rPois    .         Spirit   .   (helmet unavailable)
rElec    .         Reflect  .   (cloak unavailable)
rCorr    .         Harm     .   (gloves unavailable)
MR       .....                  (boots unavailable)
Stlth    ++........             (no amulet)
HPRegen  0.04/turn              (no ring)
MPRegen  0.08/turn              (no ring)

@: lethally poisoned (-2 -> -28), quick
A: very small, no armour, no weapons or thrown items, stealth, claws 1, fangs 3,
see invisible, carnivore, speed 1, shaggy fur 1, slow metabolism 1, sharp paws
a: Renounce Religion


You were on level 3 of the Dungeon.
You worshipped Xom.
You were a toy of Xom.
You were completely stuffed.

You visited 1 branch of the dungeon, and saw 3 of its levels.

You collected 83 gold pieces.

Inventory:

Scrolls
 b - a scroll of immolation {unknown}
 c - a scroll of enchant armour {unknown}
 e - a scroll of remove curse {unknown}
 f - a scroll of teleportation {unknown}
Potions
 g - a potion of curing {unknown}
Comestibles
 a - a ration
 d - 2 chunks of flesh


   Skills:
 - Level 3.0 Fighting
 - Level 3.2 Dodging
 + Level 4.1 Unarmed Combat


You had one spell level left.
You didn't know any spells.
Your spell library was empty.

Dungeon Overview and Level Annotations

Branches:
Dungeon (2/15)

Altars:


Innate Abilities, Weirdness & Mutations

You cannot wear armour.
You are incapable of wielding weapons or throwing items.
Your paws allow you to move quietly. (Stealth)
You have sharp claws.
You have razor-sharp teeth.
You have supernaturally acute eyesight. (SInv)
You are carnivorous and can eat meat at any time.
You cover ground quickly.
You are covered in fur. (AC +1)
You have a slow metabolism.
Your sharp claws are effective at attacking unaware monsters.


Message History

You now have 83 gold pieces (gained 14).
The frilled lizard hisses angrily.
There is a stone staircase leading up here.
You start resting.
The frilled lizard is too close now for your liking.
The frilled lizard bites you.
* * * LOW HITPOINT WARNING * * *
You barely miss the frilled lizard. The frilled lizard closely misses you.
You scratch the frilled lizard.
You kill the frilled lizard!
You start resting.
You are now a BORING thing.
You start resting.
You hear Xom's maniacal laughter.
Venomous gases pour from your nose!
You are now a toy of Xom.
You are engulfed in poison gas.
You are lethally poisoned!
You die... "What!?
That's it?"

####.# ...
#..#.# ...
#..#.# ....
#..#)#
.....#..#.#
#^...#..#§####..
......§§§§......
#....#§§#.####..
###..#§@#.# #.
#.##.# #. #. .#
.. .. ... .(
.### ## .. ..


There were no monsters in sight!

Vanquished Creatures
  2 dart slugs (D:2)
  2 leopard geckos (D:1)
  2 giant cockroaches (D:2)
  3 goblins
  2 hobgoblins (D:2)
  A bat (D:1)
  3 frilled lizards
  3 rats
18 creatures vanquished.

Notes
Turn   | Place    | Note
-------+----------+-------------------------------------------
     0 | D:1      | Sandy the Felid Chaos Knight began the quest for the Orb.
     0 | D:1      | Reached XP level 1. HP: 10/10 MP: 2/2
    74 | D:1      | XOM: butterfly on damage
   449 | D:1      | Reached XP level 2. HP: 11/14 MP: 3/3
   522 | D:2      | XOM: 1-stop teleportation journey
   630 | D:2      | Reached skill level 4 in Unarmed Combat
   662 | D:2      | You fall through a shaft!
   706 | D:3      | XOM is BORED!
   706 | D:3      | XOM: medium Air miscast
   707 | D:3      | Engulfed by a cloud of poison gas

Skill      XL: |  1  2 |
---------------+-------+-----
Unarmed Combat | 4 |  4.1
Fighting       | |  3.0
Dodging        | |  3.2

Action                   || total
-------------------------++-------
Melee: Unarmed           ||    48
       Punch             ||     1
       Bite              ||     2
 Stab: Sleeping          ||     1
  Eat: Chunk             ||     7
Armor: Skin              ||     2
Dodge: Dodged            ||    27
